 Dungeon Crawl Stone Soup version 0.24-a0-537-g2d01d4a (webtiles) character file.

Game seed: 12584185161697663813

7938 Dracunculus the Basher (level 11, 0/69 HPs)
             Began as a Gargoyle Fighter on Aug 12, 2019.
             Was a Priest of Okawaru.
             Slain by an eight-headed hydra (7 damage)
             ... on level 1 of the Lair of Beasts on Aug 13, 2019.
             The game lasted 00:27:50 (9516 turns).

Dracunculus the Basher (Gargoyle Fighter)           Turns: 9516, Time: 00:27:52

Health: 0/69       AC: 27    Str: 27    XL:     11   Next: 23%
Magic:  14/14      EV:  6    Int: 10    God:    Okawaru [***...]
Gold:   443        SH: 11    Dex:  9    Spells: 10/10 levels left

rFire    . . .     SeeInvis +   K - +4 mace (crush)
rCold    . . .     Gourm    .   c - +0 shield
rNeg     + . .     Faith    .   h - +0 plate armour
rPois    ∞         Spirit   .   g - +0 helmet
rElec    +         Reflect  .   z - +1 cloak (curse)
rCorr    .         Harm     .   (no gloves)
MR       .....                  N - +0 pair of boots
Stlth    ..........             (no amulet)
HPRegen  0.21/turn              B - ring of see invisible
MPRegen  0.14/turn              (no ring)

@: mighty
A: negative energy resistance 1, electricity resistance, unbreathing,
petrification resistance, rot immunity, AC +8
a: Heroism, Renounce Religion


You were on level 1 of the Lair of Beasts.
You worshipped Okawaru.
Okawaru was most pleased with you.
You were not hungry.

You visited 3 branches of the dungeon, and saw 12 of its levels.
You also visited: Ossuary.

You collected 443 gold pieces.

Inventory:

Hand Weapons
 v - a +0 morningstar
 C - a +1 flail of protection
 K - a +4 mace of crushing (weapon)
Missiles
 D - 5 atropa-tipped darts (quivered)
Armour
 c - a +0 shield (worn)
 g - a +0 helmet (worn)
 h - a +0 plate armour (worn)
 z - a cursed +1 cloak (worn)
 N - a +0 pair of boots (worn)
Magical Staves
 m - an uncursed staff of energy
Jewellery
 o - an uncursed ring of fire
 B - a ring of see invisible (left hand)
Wands
 a - a wand of paralysis (14)
 d - a wand of clouds (10)
 q - a wand of flame (43)
 x - a wand of acid (12)
 I - a wand of polymorph (4)
 J - a wand of random effects (45)
 M - a wand of digging (5)
Scrolls
 i - a scroll of enchant weapon
 j - 4 scrolls of remove curse
 k - a scroll of fog
 l - 3 scrolls of immolation
 n - a scroll of enchant armour
 s - 6 scrolls of teleportation
 t - 3 scrolls of fear
 y - 2 scrolls of magic mapping
Potions
 b - 3 potions of mutation
 e - 4 potions of heal wounds
 p - 3 potions of lignification
 r - 4 potions of flight
 w - 6 potions of curing
 A - a potion of magic
 E - a potion of might
 F - a potion of cancellation
 G - a potion of invisibility {unknown}
 H - a potion of brilliance
 O - a potion of resistance {unknown}
Comestibles
 f - 21 rations
 u - 2 chunks of flesh


   Skills:
 + Level 8.6 Fighting
 + Level 10.1 Maces & Flails
 + Level 8.5 Armour
 + Level 8.5 Shields
 + Level 4.7 Invocations
 + Level 3.8 Evocations


You had 10 spell levels left.
You didn't know any spells.
Your spell library contained the following spells:

 Spells                   Type           Power        Failure   Level  Hunger
 Corona                   Hex            #......      100%        1    ##.....
 Flame Tongue             Conj/Fire      #....        100%        1    ##.....
 Summon Small Mammal      Summ           #...         100%        1    ##.....
 Call Imp                 Summ           #.......     100%        2    ###....
 Slow                     Hex            #.......     100%        2    ###....
 Throw Flame              Conj/Fire      #.....       100%        2    ###....
 Call Canine Familiar     Summ           #.......     100%        3    ####...
 Conjure Flame            Conj/Fire      #.......     100%        3    ####...
 Inner Flame              Hex/Fire       #.......     100%        3    ####...
 Portal Projectile        Hex/Tloc       #.....       100%        3    ####...
 Summon Guardian Golem    Hex/Summ       #.......     100%        3    ####...
 Cause Fear               Hex            #.........   100%        4    #####..
 Leda's Liquefaction      Hex/Erth       #.........   100%        4    #####..
 Sticky Flame             Conj/Fire      #.......     100%        4    #####..
 Summon Ice Beast         Ice/Summ       #.......     100%        4    #####..
 Summon Lightning Spire   Summ/Air       #.......     100%        4    #####..
 Fireball                 Conj/Fire      #.........   100%        5    ######.


Dungeon Overview and Level Annotations

Branches:
Dungeon (9/15)             Temple (1/1) D:7            Lair (2/6) D:9
    Orc (0/2) D:9
  Swamp: Lair:2-4    Shoals: Lair:2-4     Snake: Lair:2-4    Spider: Lair:2-4

Altars:
Cheibriados
Dithmenos
Elyvilon
Fedhas
Gozag
Hepliaklqana
Kikubaaqudgha
Makhleb
Okawaru
Qazlal
Ru
Sif Muna
Trog
Vehumet
Wu Jian
Xom
Yredelemnul
Zin
The Shining One

Annotations:
D:6 1 runed translucent door, funkyfigure8's ghost, amateur MiFi
D:8 Maurice


Innate Abilities, Weirdness & Mutations

You are resistant to torment.
Your stone body is resilient. (AC +8)
You are immune to poison.
You resist negative energy. (rN+)
You are resistant to electric shocks. (rElec)
You can survive without breathing.
You are immune to petrification.
You are immune to rotting.


Message History

The eight-headed hydra bites you.
You sock the eight-headed hydra!
The eight-headed hydra is moderately wounded.
You block the eight-headed hydra's attack. x3
The eight-headed hydra bites you but does no damage. x3
The eight-headed hydra bites you!
The eight-headed hydra barely misses you.
You sock the eight-headed hydra!
The eight-headed hydra is heavily wounded.
The eight-headed hydra bites you but does no damage.
The eight-headed hydra closely misses you.
The eight-headed hydra bites you!
* * * LOW HITPOINT WARNING * * *
The eight-headed hydra bites you.
* * * LOW HITPOINT WARNING * * *
The eight-headed hydra bites you.
* * * LOW HITPOINT WARNING * * *
The eight-headed hydra bites you but does no damage. x2
The eight-headed hydra bites you!
You die...

#÷......#
####.###.####.##
.........##
########..# #.##
#..# #.P# #.P#
#@## #D#
..........^..?#
#.##.##..####.#
# #.## #.# #.#
#.# #.#


You could see an eight-headed hydra.

Vanquished Creatures
  2 hydras
  Grinder (D:6)
  Prince Ribbit (D:7)
  Sigmund (D:3)
  2 hippogriffs
  4 yaks (Lair:2)
  Edmund (D:5)
  Menkaure (D:6)
  2 porcupines (Lair:1)
  5 orc warriors
  An ice beast (D:5)
  A wolf (Lair:1)
  7 ogres
  6 centaurs
  Blork the orc (D:5)
  3 big kobolds
  5 bullfrogs
  2 gnoll sergeants
  3 scorpions
  9 wights
  3 howler monkeys
  A centaur zombie (D:5)
  9 crimson imps
  7 orc priests
  8 orc wizards
  A hound (D:4)
  3 iguanas
  6 worker ants
  A big kobold zombie (Ossuary)
  A hound skeleton (D:7)
  5 mummies (Ossuary)
  Robin (D:4)
  A worker ant zombie (D:5)
  12 adders
  15 gnolls
  2 shadow imps
  A white imp (D:4)
  An ooze (D:2)
  An adder zombie (D:6)
  5 worms
  2 dart slugs
  5 leopard geckos
  35 orcs
  5 giant cockroaches
  13 goblins
  9 hobgoblins
  21 kobolds
  4 quokkas
  7 bats
  2 frilled lizards
  2 goblin zombies (Ossuary)
  A hobgoblin zombie (Ossuary)
  A jackal skeleton (D:4)
  A kobold zombie (Ossuary)
  2 leopard gecko skeletons
  3 orc zombies (Ossuary)
  5 rats
260 creatures vanquished.

Vanquished Creatures (others)
  A fungus (Lair:1)
1 creature vanquished.

Grand Total: 261 creatures vanquished

Notes
Turn   | Place    | Note
-------+----------+-------------------------------------------
     0 | D:1      | Dracunculus the Gargoyle Fighter began the quest for the
                  | Orb.
     0 | D:1      | Reached XP level 1. HP: 14/14 MP: 1/1
    88 | D:1      | Reached XP level 2. HP: 19/19 MP: 2/2
   599 | D:2      | Reached skill level 3 in Maces & Flails
   872 | D:2      | Reached XP level 3. HP: 23/23 MP: 3/3
   898 | D:2      | Found a shadowy altar of Dithmenos.
  1270 | D:2      | Reached skill level 4 in Maces & Flails
  1419 | D:3      | Noticed Sigmund
  1742 | D:3      | Reached XP level 4. HP: 28/28 MP: 4/4
  2060 | D:3      | Killed Sigmund
  2060 | D:3      | Reached skill level 6 in Maces & Flails
  2060 | D:3      | Reached XP level 5. HP: 11/32 MP: 5/5
  2060 | D:3      | Reached XP level 6. HP: 12/37 MP: 6/6
  2485 | D:4      | Found a basalt altar of Yredelemnul.
  2498 | D:4      | Reached skill level 7 in Maces & Flails
  2766 | D:4      | Reached XP level 7. HP: 41/41 MP: 7/7
  3143 | D:4      | Noticed Robin
  3177 | D:4      | Killed Robin
  3522 | D:5      | Entered Level 5 of the Dungeon
  3595 | D:5      | Reached XP level 8. HP: 46/48 MP: 8/8
  3942 | D:5      | Reached skill level 8 in Maces & Flails
  3999 | D:5      | Reached skill level 5 in Armour
  3999 | D:5      | Reached skill level 5 in Shields
  4003 | D:5      | Reached skill level 5 in Fighting
  4449 | D:6      | Found a runed translucent door.
  4454 | D:6      | Noticed funkyfigure8's ghost (amateur MiFi)
  4488 | D:6      | Noticed Blork the orc
  4491 | D:6      | Noticed Menkaure
  4511 | D:6      | Noticed Edmund
  4528 | D:5      | Killed Blork the orc
  4563 | D:5      | Killed Edmund
  4563 | D:5      | Reached XP level 9. HP: 51/55 MP: 9/9
  4581 | D:6      | Killed Menkaure
  4762 | D:6      | Noticed Grinder
  4770 | D:6      | Paralysed by Grinder for 6 turns
  4785 | D:6      | Paralysed by Grinder for 6 turns
  4792 | D:6      | Killed Grinder
  4956 | D:6      | Found a sand-covered staircase.
  4963 | Ossuary  | Entered an ossuary
  5937 | D:7      | Reached skill level 9 in Maces & Flails
  5971 | D:7      | Noticed Prince Ribbit
  6340 | D:7      | Found a staircase to the Ecumenical Temple.
  6359 | Temple   | Entered the Ecumenical Temple
  6418 | Temple   | Became a worshipper of Warmaster Okawaru
  6684 | D:7      | Reached skill level 1 in Invocations
  6725 | D:7      | Reached skill level 1 in Evocations
  6783 | D:7      | Found a sacrificial altar of Ru.
  6864 | D:7      | Reached XP level 10. HP: 60/63 MP: 9/11
  6885 | D:7      | Reached * piety under Okawaru
  7234 | D:7      | Found a glowing golden altar of the Shining One.
  7344 | D:7      | Killed Prince Ribbit
  7703 | D:8      | Paralysed by a kobold for 5 turns
  7762 | D:8      | Found an ornate altar of the Wu Jian Council.
  7764 | D:8      | Found a blossoming altar of Fedhas.
  7984 | D:8      | Reached ** piety under Okawaru
  7994 | D:8      | Noticed Maurice
  8183 | D:8      | Upgraded the game from 0.24-a0-536-gdd4cf15 to
                  | 0.24-a0-537-g2d01d4a
  8391 | D:9      | Found a staircase to the Orcish Mines.
  8818 | D:9      | Found a staircase to the Lair.
  8828 | Lair:1   | Entered Level 1 of the Lair of Beasts
  8828 | Lair:1   | Noticed a six-headed hydra
  9059 | D:9      | Killed a six-headed hydra
  9083 | Lair:1   | You fall into a shaft and drop 1 floor!
  9112 | Lair:2   | Reached *** piety under Okawaru
  9112 | Lair:2   | Reached XP level 11. HP: 46/68 MP: 14/14
  9116 | Lair:2   | Reached skill level 10 in Maces & Flails
  9359 | Lair:1   | Noticed a five-headed hydra
  9374 | Lair:1   | Killed a five-headed hydra
  9508 | Lair:1   | Noticed an eight-headed hydra
  9516 | Lair:1   | Slain by an eight-headed hydra

Levels and vault maps discovered:
D:1:      mrwooster_arrival_arrow, layout_basic, serial_bayou_pond_c
D:2:      layout_basic, grunt_dithmenos_smoke, first_ration
D:3:      layout_rooms, uniq_sigmund
D:4:      layout_loops_cross, overflow_temple_1_default, minmay_fire_ice_demons,
          uniq_robin
D:5:      layout_basic, kennysheep_cross_bottleneck
D:6:      layout_layer_cave, nicolae_ossuary_entry_monument,
          ebering_ghost_reflecting_pool, minmay_misc_feat_iff, uniq_edmund,
          uniq_menkaure, uniq_blork_the_orc, uniq_grinder
D:7:      layout_basic, nicolae_tso_swordbearing_angel, old_standard_altar,
          minmay_temple_entry_ruins, uniq_prince_ribbit1
D:8:      layout_basic, chequers_temple_overflow_statue_of_worship, uniq_maurice
D:9:      layout_loops_ring, lair_entry_dummy, orc_0_dummy
Temple:   nicolae_temple_elliptical
Lair:1:   layout_small_grid, grunt_forest_small_clearing_treed
Lair:2:   layout_gridlike, minivault_27

Skill      XL: |  1  2  3  4  5  6  7  8  9 10 11 |
---------------+----------------------------------+-----
Maces & Flails | 3 4 6 7 8 9 10 | 10.1
Fighting       | 4 5 7 8 |  8.6
Armour         | 4 5 7 8 |  8.5
Shields        | 4 5 7 8 |  8.5
Invocations    | 1 4 |  4.7
Evocations     | 1 3 |  3.8

Action                   |  1- 3 |  4- 6 |  7- 9 | 10-12 || total
-------------------------+-------+-------+-------+-------++-------
Melee: Flail             |   153 |    95 |   371 |   204 ||   823
       Morningstar       |       |       |   261 |       ||   261
       Mace              |       |       |       |   169 ||   169
Evoke: Wand              |       |       |       |     4 ||     4
  Use: Scroll            |     3 |     3 |    13 |     3 ||    22
       Potion            |       |       |     2 |     4 ||     6
  Eat: Chunk             |     2 |     4 |    14 |    10 ||    30
Armor: Scale mail        |    97 |    34 |       |       ||   131
       Chain mail        |       |     6 |     9 |       ||    15
       Plate armour      |       |       |   368 |   184 ||   552
       Skin              |       |       |       |    29 ||    29
Dodge: Dodged            |    56 |    38 |    86 |    60 ||   240
Block: Shield            |    89 |    51 |   275 |   177 ||   592

Table legend:
 A = Non-vault XP
 B = Vault XP
 C = Vault XP percentage of total XP
 D = Non-vault monster count
 E = Vault monster count
 F = Vault count percentage of total count
                 A         B        C        D         E       F
            +---------+---------+-------+---------+---------+-------
      Total |    9893 |    1448 |  12.8 |     227 |      33 |  12.7
            +---------+---------+-------+---------+---------+-------
        D:1 |      16 |       0 |   0.0 |      10 |       0 |   0.0
        D:2 |      59 |       0 |   0.0 |      20 |       0 |   0.0
        D:3 |      70 |     242 |  77.6 |      19 |       1 |   5.0
        D:4 |     557 |      91 |  14.0 |      24 |      14 |  36.8
        D:5 |     989 |     267 |  21.3 |      29 |       2 |   6.5
        D:6 |     580 |     453 |  43.9 |      15 |       2 |  11.8
        D:7 |    1729 |     268 |  13.4 |      36 |       1 |   2.7
        D:8 |    1279 |       0 |   0.0 |      36 |       0 |   0.0
        D:9 |    2429 |       0 |   0.0 |      30 |       0 |   0.0
     Lair:1 |    1376 |       0 |   0.0 |       4 |       0 |   0.0
     Lair:2 |     809 |       0 |   0.0 |       4 |       0 |   0.0
    Ossuary |       0 |     127 | 100.0 |       0 |      13 | 100.0
            +---------+---------+-------+---------+---------+-------
